AoeStats
← valodinbooher

Arabia

510003237Analyzed
1v1 RM · 4d ago on Sep 29, 2026· 31m 58s· 2 players
Game mode
Random Map
Map size
Tiny (2 player)
Population
200
Speed
Normal
Resources
Standard
Victory
Conquest
Starting age
Dark Age
Ending age
Imperial Age
RankedLock teamsTeams togetherTeam positionsShared explorationLock speedFull tech treeHidden civsTurbo modeCheats
Victory
Defeat
🇺🇸 Poles · United States
649
+17
🇺🇸 Burgundians · United States
669
-17
Igneous
10:56 Feudal Age
12:04 Double-Bit Axe
15:13 Horse Collar
16:33 Wheelbarrow
16:22 Bloodlines
18:31 Castle Age
20:26 Bloodlines
20:23 Scale Barding Armor
20:29 Forging
23:23 Chain Barding Armor
23:48 Loom
24:40 Bow Saw
25:21 Iron Casting
26:40 Husbandry
29:44 Hand Cart
valodinbooher
7:17 Double-Bit Axe
9:45 Loom
12:24 Feudal Age
10:44 Horse Collar
16:57 Castle Age
16:19 Bow Saw
18:51 Forging
18:50 Scale Barding Armor
19:57 Two-Man Saw
20:36 Gold Mining
20:50 Stone Mining
22:58 Iron Casting
24:26 Heavy Plow
25:28 Gold Shaft Mining
25:52 Cavalier
27:52 Chain Barding Armor
31:34 Crossbowman
Connection lost

Rejoining the realm…

Still unreachable

The connection could not be restored.

Session expired

The server has moved on; the page needs a fresh start.